 Dungeon Crawl Stone Soup version 0.14-a0-2091-gca92d1a (webtiles) character file.

807 Mitsuki the Covert (level 7, 0/33 HPs)
             Began as a Spriggan Assassin on Jan 25, 2014.
             Slain by Grinder (2 damage)
             ... while paralysed by Grinder
             ... on Level 6 of the Dungeon.
             The game lasted 00:16:53 (4642 turns).

Mitsuki the Covert (Spriggan Assassin)              Turns: 4642, Time: 00:16:53

HP   0/33        AC  4     Str  8      XL: 7   Next: 25%
MP  14/14        EV  4     Int 13      God:
Gold 171         SH  0     Dex 18      Spells:  0 memorised,  6 levels left

rFire  . . .     SeeInvis +     a - +3 dagger (curse)
rCold  . . .     Clarity  .     k - +0 swamp dragon hide
rNeg   . . .     Conserve .     (shield restricted)
rPois  +         rCorr    .     (helmet restricted)
rElec  .         rRot     .     d - +0 cloak
SustAb . .       Spirit   .     (gloves unavailable)
rMut   +         Warding  .     (boots unavailable)
Saprov . . .     Stasis   .     x - amulet of resist mutation
MR     +....                    (no ring)
                                (no ring)

@: paralysed, very quick, somewhat resistant to hostile enchantments, extremely
stealthy
A: unfitting armour, see invisible, herbivore 3, speed 3, slow metabolism 2
a: no special abilities


You were on level 6 of the Dungeon.
You were full.

You visited 1 branch of the dungeon, and saw 6 of its levels.

You collected 191 gold pieces.
You spent 20 gold pieces at shops.

Inventory:

Hand weapons
 a - a cursed +3,+3 dagger (weapon)
 b - a +0 blowgun
 g - a cursed -1,+0 dagger
Missiles
 e - 20 poisoned needles
 f - 2 curare-tipped needles
 q - 8 needles of confusion
Armour
 c - a +0 robe
 d - a +0 cloak (worn)
 k - a +0 swamp dragon hide (worn)
Comestibles
 n - a lemon
 p - a bread ration
Scrolls
 j - 5 scrolls of recharging {unknown}
 s - 3 scrolls of enchant armour {unknown}
 w - a scroll of fear {unknown}
Jewellery
 o - an uncursed ring of ice
 x - an amulet of resist mutation (around neck)
 y - an uncursed ring of flight {unknown}
Potions
 h - 2 potions of heal wounds
 i - a potion of resistance
 l - 10 potions of curing
 m - a potion of restore abilities
 r - a potion of beneficial mutation {unknown}
 t - a potion of magic
 u - a potion of poison {unknown}
 v - a potion of lignification {unknown}


   Skills:
 - Level 1.5 Fighting
 - Level 2.1 Short Blades
 - Level 2.1 Throwing
 - Level 1.5 Dodging
 + Level 13.0 Stealth


You had 6 spell levels left.
You didn't know any spells.

Dungeon Overview and Level Annotations

Branches:
Dungeon (6/16)             Temple (0/1) D:6

Altars:
Ashenzari
Kikubaaqudgha
Trog
The Shining One

Shops:
D:5 *

Annotations:
D:3 1 exclusion
D:4 Dowan, Duvessa
D:6 Grinder


Innate Abilities, Weirdness & Mutations

You are tiny and cannot use many weapons and most armour.
You have supernaturally acute eyesight.
You are a herbivore.
You cover ground extremely quickly.
You need consume almost no food.


Message History

Grinder completely misses you.
The orc hits you with an orcish hand axe.
The crimson imp hits you but does no damage.
Grinder gestures at you. Pain shoots through your body!
The crimson imp hits you.
The orc hits you with an orcish hand axe.
Grinder gestures at you. Pain shoots through your body!
The crimson imp hits you.
The orc hits you with an orcish hand axe.
* * * LOW HITPOINT WARNING * * *
Grinder hits you.
* * * LOW HITPOINT WARNING * * *
You writhe in agony.
* * * LOW HITPOINT WARNING * * *
The crimson imp hits you but does no damage.
An orc priest comes into view.
The orc hits you but does no damage. Grinder says, "Are you a fish?"
Grinder hits you.
You die...

##### .... #########o. # #.
......#.8.#####.# ..
..............#.#####o#o#
.......85@.8#....#...%o..#
######.o5.....###o####...
#.#.8.##..##........# ##### #####
#.......##.o#####.# ....# #...#
###..#.###..#####.# ....# ###.#.#
....<#...#....#... .(..#
#...#.########.###.##.#.###
....###.#.#............#.##......
........#.###########..#.........


You could see Grinder, an orc priest, a crimson imp and an orc.

Vanquished Creatures
  Prince Ribbit (D:6)
  A giant frog (D:6)
  A quasit (D:6)
  A giant frog zombie (D:5)
  2 crimson imps (D:5)
  A scorpion (D:5)
  An iguana (D:5)
  A worker ant (D:5)
  A hound zombie (D:5)
  3 adders (D:2)
  3 worms
  A giant mite (D:4)
  4 giant geckos
  An ooze (D:4)
  7 orcs
  A ball python (D:1)
  11 bats
  5 giant cockroaches
  10 goblins
  11 hobgoblins
  8 kobolds
  A quokka (D:6)
  6 giant newts
  2 goblin skeletons
  8 jackals
  8 rats
100 creatures vanquished.

Notes
Turn   | Place    | Note
--------------------------------------------------------------
     0 | D:1      | Mitsuki, the Spriggan Assassin, began the quest for the Orb.
     0 | D:1      | Reached XP level 1. HP: 10/10 MP: 2/2
    21 | D:1      | Reached skill level 6 in Stealth
   190 | D:1      | Reached XP level 2. HP: 14/14 MP: 4/4
   263 | D:1      | Reached skill level 7 in Stealth
   833 | D:2      | Reached XP level 3. HP: 5/18 MP: 6/6
  1102 | D:2      | Reached skill level 8 in Stealth
  1459 | D:2      | Reached XP level 4. HP: 22/22 MP: 8/8
  1831 | D:3      | Found an ancient bone altar of Kikubaaqudgha.
  2215 | D:4      | Reached skill level 9 in Stealth
  2221 | D:4      | Found a glowing golden altar of the Shining One.
  2249 | D:4      | Noticed Duvessa
  2249 | D:4      | Noticed Dowan
  2424 | D:4      | Noticed an orc warrior
  2689 | D:4      | Noticed a phantom
  2767 | D:5      | Entered Level 5 of the Dungeon
  2962 | D:5      | Reached XP level 5. HP: 25/25 MP: 10/10
  3032 | D:5      | Reached skill level 10 in Stealth
  3034 | D:5      | Found Kleapt's General Store.
  3039 | D:5      | Bought a scroll of identify for 20 gold pieces
  3077 | D:5      | HP: 1/25 [iguana (11)]
  3486 | D:5      | Noticed a sky beast
  3831 | D:5      | Found a bloodstained altar of Trog.
  3866 | D:5      | Found a shattered altar of Ashenzari.
  3872 | D:5      | Saw a vision of the Swamp and the Snake Pit.
  3872 | D:5      | Noticed a black mamba
  3872 | D:5      | Noticed a naga
  3872 | D:5      | Noticed a naga
  3872 | D:5      | Noticed a naga mage
  3872 | D:5      | Noticed a water moccasin
  3874 | D:5      | Noticed a black mamba
  3912 | D:5      | Reached skill level 11 in Stealth
  3912 | D:5      | Reached XP level 6. HP: 15/30 MP: 12/12
  4600 | D:6      | Noticed Prince Ribbit
  4601 | D:6      | Reached skill level 12 in Stealth
  4604 | D:6      | Killed Prince Ribbit
  4604 | D:6      | Reached skill level 13 in Stealth
  4604 | D:6      | Reached XP level 7. HP: 33/33 MP: 14/14
  4626 | D:6      | Noticed Grinder
  4628 | D:6      | Found a staircase to the Ecumenical Temple.
  4637 | D:6      | Paralysed by Grinder for 7 turns
  4642 | D:6      | Slain by Grinder

Action                   |  1- 3 |  4- 6 |  7- 9 || total
-------------------------+-------+-------+-------++-------
Melee: Dagger            |   129 |   241 |     4 ||   374
 Fire: Blowgun           |       |     6 |       ||     6
  Use: Potion            |     4 |     3 |       ||     7
       Scroll            |     4 |     8 |       ||    12
 Stab: Sleeping          |    13 |    20 |       ||    33
       Distracted        |       |     1 |       ||     1
